 Dungeon Crawl Stone Soup version 0.31-a0-167-g1c394c0614 (webtiles) character file.

Game seed: 904454511272224303

139 frimble the Ruffian (level 5, -2/34 HPs)
             Began as an Octopode Warper on June 14, 2023.
             Slain by Grinder (5 damage)
             ... on level 3 of the Dungeon.
             The game lasted 00:02:51 (2045 turns).

frimble the Ruffian (Octopode Warper)               Turns: 2045, Time: 00:02:51

Health: -2/34      AC:  1    Str: 12    XL:     5   Next: 22%
Magic:  6/8        EV: 14    Int: 20    God:
Gold:   185        SH:  0    Dex: 14    Spells: 6/8 levels left

rFire   . .          .
                       - Unarmed
rCold   . . .        (no shield)
rNeg    . . .        (helmet restricted)
rPois   +            (no amulet)
rElec   .            e - ring "Vituscho" {rPois Int+4 Dex+3}
rCorr   .            (no ring)
SInv    .            (no ring)
Will    .....        (no ring)
Stlth   ++           (no ring)
HPRegen 0.25/turn    (no ring)
MPRegen 0.11/turn    (no ring)
                     (no ring)

%: no passive effects
@: no status effects
A: almost no armour, amphibious, 8 rings, camouflage 1, gelatinous body 1,
(nimble swimmer 1), tentacles
a: no special abilities


You were on level 3 of the Dungeon.
You visited 1 branch of the dungeon, and saw 3 of its levels.

You collected 185 gold pieces.

Inventory:

Missiles
 b - 12 boomerangs of dispersal (quivered)
 i - 3 boomerangs
Jewellery
 e - the ring "Vituscho" (left tentacle) {rPois Int+4 Dex+3}
   (You found it on level 2 of the Dungeon)

   [ring of poison resistance]

   Int:       It affects your intelligence (+4).
   Dex:       It affects your dexterity (+3).
   rPois:     It protects you from poison.
Scrolls
 a - a scroll of blinking
 c - a scroll of revelation {unknown}
 d - 3 scrolls of identify
 h - a scroll of noise {unknown}
 j - a scroll of torment {unknown}
 k - a scroll of enchant armour {unknown}
Potions
 f - a potion of enlightenment
 g - a potion of might {unknown}
 l - a potion of cancellation


   Skills:
 - Level 2.0 Fighting
 - Level 1.1 Throwing
 - Level 3.0 Dodging
 + Level 4.7 Unarmed Combat
 - Level 2.0 Spellcasting
 - Level 3.0 Translocations


You had 6 spell levels left.
You knew the following spells:

 Your Spells              Type           Power      Damage    Failure   Level
a - Blink                 Tloc           28%        N/A       7%          2

Your spell library contained the following spells:

 Spells                   Type           Power      Damage    Failure   Level
 Lesser Beckoning         Tloc           28%        N/A       7%          2
 Teleport Other           Tloc           14%        N/A       14%         3
 Necrotise                Necr           8%         1d4       16%         1
 Vhi's Electric Charge    Tloc/Air       16%        N/A       26%         3
 Manifold Assault         Tloc           14%        N/A       41%         4
 Dazzling Flash           Conj/Hex       4%         N/A       43%         3
 Vampiric Draining        Necr           2%         2d6       43%         3
 Agony                    Necr           2%         N/A       99%         5
 Silence                  Hex/Air        1%         N/A       99%         5


Dungeon Overview and Level Annotations

Branches:
Dungeon (3/15)

Altars:

Annotations:
D:3 Grinder


Innate Abilities, Weirdness & Mutations

You cannot wear most types of armour.
You are amphibious.
You can wear up to eight rings at the same time.
Your skin changes colour to match your surroundings (Stealth+).
Your rubbery body absorbs attacks. (AC +1, EV +1)
((You are camouflaged when in or above water. (Stealth+)))
You have tentacles for arms and can constrict up to eight enemies at once.


Message History

The adder bites you.
You tentacle-slap the adder. Your grab misses the adder.
The adder is heavily wounded.
The adder barely misses you.
You tentacle-slap the adder.
You kill the adder!
Grinder gestures at you. Pain shoots through your body!
The kobold throws a stone.
The stone hits you.
Casting: Blink (safe; 7% risk of failure)
Confirm with . or Enter, or press ? or * to list all spells.
You blink.
Grinder gestures at you.
You suddenly lose the ability to move!
The kobold hits you with a +0 dagger. The kobold hits you but does no damage.
Grinder blinks!
Grinder gestures at you. Pain shoots through your body!
The kobold hits you with a +0 dagger.
You feel stable enough to blink again. The kobold barely misses you.
You can move again.
You barely miss the kobold. You grab the kobold. You constrict the kobold.
The kobold hits you with a +0 dagger.
* * * LOW HITPOINT WARNING * * *
It was a potion of enlightenment.
You feel very buoyant.
You fly up into the air.
You constrict the kobold.
You kill the kobold!
Grinder closely misses you.
You aren't carrying any items that you can evoke.
It was a potion of cancellation.
Your magical effects are unravelling.
You feel magically purged.
You float gracefully downwards.
Your enlightenment fades.
Grinder closely misses you.
You closely miss Grinder. You grab Grinder.
You tentacle-slap Grinder, but do no damage.
You constrict Grinder. Grinder hits you!
* * * LOW HITPOINT WARNING * * *
You writhe in agony.
You die...

....# ####.##.#####....>#
....#######.##........##.#
.........##.....####'###+#+
##.†.....# # #.#>..........
#.......# ####''...........
#......<# #................
#.......###..†.........!...
#..........................
#.............)@.........B.
#..............5...........
..........#######.##
..........# ..........#
......### ...... .♣..♣.


You could see Grinder.

Vanquished Creatures
  Jessica (D:3)
  6 adders
  A worm (D:2)
  3 dart slugs
  7 endoplasms
  3 giant cockroaches
  3 goblins
  8 hobgoblins
  A kobold (D:3)
  7 ball pythons
  3 bats (D:1)
  3 frilled lizards
  3 rats
49 creatures vanquished.

Notes
Turn   | Place    | Note
-------+----------+-------------------------------------------
     0 | D:1      | frimble the Octopode Warper began the quest for the Orb.
     0 | D:1      | Reached XP level 1. HP: 14/14 MP: 3/3
    75 | D:1      | Reached XP level 2. HP: 16/19 MP: 5/5
   426 | D:1      | Reached skill level 3 in Unarmed Combat
   429 | D:1      | Reached XP level 3. HP: 23/24 MP: 6/6
   611 | D:1      | Learned a level 2 spell: Blink
  1233 | D:2      | Reached skill level 4 in Unarmed Combat
  1233 | D:2      | Reached XP level 4. HP: 29/29 MP: 7/7
  1288 | D:2      | Identified the ring "Vituscho" {rPois Int+4 Dex+3}
  1686 | D:3      | Noticed Jessica
  1696 | D:3      | Killed Jessica
  1923 | D:3      | Reached XP level 5. HP: 25/34 MP: 8/8
  2026 | D:3      | Noticed Grinder
  2037 | D:3      | Paralysed by Grinder for 5 turns
  2045 | D:3      | Slain by Grinder

Illustrated notes

Levels and vault maps discovered:
D:1:      nzn_arrival_water_spiral, layout_basic, serial_glass, glass_columns_a,
          glass_columns_a
D:2:      layout_loops_ring
D:3:      layout_basic, chequers_ecumenical_altar_grove, uniq_grinder,
          uniq_jessica

Skill      XL: |  1  2  3  4 |
---------------+-------------+-----
Unarmed Combat | 3 4 |  4.7
Dodging        | 3 |  3.0
Fighting       | |  2.0
Throwing       | |  1.1
Spellcasting   | |  2.0
Translocations | |  3.0

Action                     |  1- 3 |  4- 6 || total
---------------------------+-------+-------++-------
  Melee: Unarmed           |    91 |    37 ||   128
         Constrict         |    22 |     7 ||    29
         Tentacles         |     9 |     9 ||    18
         Punch             |     2 |     2 ||     4
   Cast: Blink             |       |     1 ||     1
    Use: Scroll            |     2 |       ||     2
         Potion            |       |     2 ||     2
   Stab: Sleeping          |     6 |     4 ||    10
         Distracted        |     1 |       ||     1
 Armour: Skin              |     9 |     3 ||    12
  Dodge: Dodged            |    51 |    23 ||    74

Table legend: (Time is in decaauts)
 A = Elapsed time spent in this place.
 B = Non-inter-level travel time spent in this place.
 C = Inter-level travel time spent in this place.
 D = Time resting spent in this place.
 E = Time spent auto-exploring this place.
 F = Levels seen in this place.
 G = Mean time per level.
                   A        B        C        D        E       F      G
               +--------+--------+--------+--------+--------+-----+--------+
         Total |   2036 |   1992 |     44 |      0 |   1613 |   3 |  678.7 |
       Dungeon |   2036 |   1992 |     44 |      0 |   1613 |   3 |  678.7 |
               +--------+--------+--------+--------+--------+-----+--------+

Top non-repeatable levels by time:
     D:1: 929 daAuts
     D:2: 733 daAuts
     D:3: 374 daAuts
